 Dungeon Crawl Stone Soup version 0.17-a0-1176-g3d5a0d0 (webtiles) character file.

79 Hanyuu the Insei (level 4, -2/29 HPs)
             Began as an Octopode Transmuter on May 30, 2015.
             Slain by a jackal (3 damage)
             ... on level 2 of the Dungeon.
             The game lasted 00:06:01 (2085 turns).

Hanyuu the Insei (Octopode Transmuter)              Turns: 2085, Time: 00:06:01

Health: -2/29      AC:  1    Str:  9    XL:     4   Next: 37%
Magic:  2/7        EV: 13    Int: 16    God:
Gold:   59         SH:  0    Dex: 17    Spells: 3 memorised, 1 level left

rFire  . . .     SeeInvis .       - Unarmed
rCold  . . .     Clarity  .     (no shield)
rNeg   + . .     SustAt   .     (helmet restricted)
rPois  .         Gourm    .     (no amulet)
rElec  .         Spirit   .     i - ring of positive energy
rCorr  .         Warding  .     k - ring of loudness (curse)
rMut   .         Stasis   .     (no ring)
MR     .....                    (no ring)
Stlth  +++.......               (no ring)
                                (no ring)
                                (no ring)
                                (no ring)

@: agile, very slightly contaminated, not resistant to hostile enchantments,
fairly stealthy
A: almost no armour, amphibious, 8 rings, constrict 8, camouflage 1, gelatinous
body 1
a: no special abilities


You were on level 2 of the Dungeon.
You were not hungry.

You visited 1 branch of the dungeon, and saw 2 of its levels.

You collected 59 gold pieces.

Inventory:

Missiles
 a - 12 arrows
 q - 2 javelins (quivered)
Jewellery
 i - a ring of positive energy (left tentacle)
 k - a cursed ring of loudness (right tentacle)
Potions
 d - a potion of beneficial mutation {unknown}
 h - 2 potions of agility
 j - a potion of curing
 l - a potion of brilliance
Books
 b - a book of Changes

   Spells                             Type                      Level
   a - Beastly Appendage              Transmutation                1
   b - Sticks to Snakes               Transmutation                2
   c - Spider Form                    Transmutation/Poison         3
   d - Ice Form                       Ice/Transmutation            4
   e - Blade Hands                    Transmutation                5
Comestibles
 c - a bread ration
 g - 2 chunks of flesh
 p - a meat ration


   Skills:
 + Level 2.0 Fighting
 - Level 2.0 Dodging
 + Level 4.5 Unarmed Combat
 - Level 2.0 Spellcasting
 - Level 2.0 Transmutations
 - Level 1.0 Poison Magic


You had one spell level left.
You knew the following spells:

 Your Spells              Type           Power        Failure   Level  Hunger
a - Beastly Appendage     Trmt           #.....       10%         1    #......
b - Sticks to Snakes      Trmt           #.........   14%         2    ###....
c - Spider Form           Trmt/Pois      #.........   34%         3    ###....


Dungeon Overview and Level Annotations

Branches:
Dungeon (2/15)

Altars:


Innate Abilities, Weirdness & Mutations

You cannot wear most types of armour.
You are amphibious.
You can wear up to eight rings at the same time.
You can use your tentacles to constrict eight enemies at once.
Your skin changes colour to match your surroundings (Stealth).
Your rubbery body absorbs attacks (AC +1).


Message History

* * * LOW HITPOINT WARNING * * *
The goblin hits you.
* * * LOW HITPOINT WARNING * * *
The jackal bites you.
* * * LOW HITPOINT WARNING * * *
The goblin wields an uncursed hunting sling.
The goblin shoots a stone.
The stone misses you.
Found a stone staircase leading down.
There is an open door here.
You see here a stone.
A jackal comes into view.
The jackal closely misses you. The jackal completely misses you.
The jackal bites you.
* * * LOW HITPOINT WARNING * * *
The jackal bites you.
* * * LOW HITPOINT WARNING * * *
The jackal completely misses you.
There is a stone staircase leading down here.
The jackal bites you.
You die...

#.#.#. .# #..... ### .# #.####
... #.## #.# ##'# ###...#
#.#### ##...# ##.#...###
#..... ##....(## ##........#
#.#### #......s###.h.......#
#.##.#
......†..###h@......#####.#...
.......shg.g..................
..?.....h####.....######......
#.......## #...### ###...#.#
##.....## ###.# #........
##...# .# #.###.##. ##'# .#
#.# #.# . #. .# #.# #.# . .
#.# #.. .


You could see 4 jackals, a giant cockroach, a hobgoblin and a goblin.

Vanquished Creatures
  Robin (D:2)
  An adder (D:2)
  An ooze (D:1)
  5 bats (D:1)
  13 goblins
  8 hobgoblins
  4 jackals (D:2)
  A giant gecko (D:1)
  2 giant newts
  10 kobolds
  4 rats (D:1)
50 creatures vanquished.

Notes
Turn   | Place    | Note
--------------------------------------------------------------
     0 | D:1      | Hanyuu the Octopode Transmuter began the quest for the Orb.
     0 | D:1      | Reached XP level 1. HP: 13/13 MP: 3/3
   211 | D:1      | Reached XP level 2. HP: 4/18 MP: 5/5
   911 | D:1      | Reached skill level 4 in Unarmed Combat
   919 | D:1      | Reached XP level 3. HP: 12/23 MP: 6/6
   933 | D:1      | Learned a level 2 spell: Sticks to Snakes
   937 | D:1      | Learned a level 3 spell: Spider Form
  1701 | D:2      | Reached skill level 1 in Poison Magic
  1752 | D:2      | Noticed Robin
  1933 | D:2      | Killed Robin
  1933 | D:2      | Reached XP level 4. HP: 20/29 MP: 0/7
  2084 | D:2      | HP: 1/29 [jackal (2)]
  2085 | D:2      | Slain by a jackal

Vault maps used:
D:1:      dpeg_arrival_pond, minivault_19
D:2:      kennysheep_goblin_castle, nicolae_overflow_hidden_temple, led_sif_pool

Action                   |  1- 3 |  4- 6 || total
-------------------------+-------+-------++-------
Melee: Unarmed           |   101 |     7 ||   108
 Cast: Spider Form       |     2 |       ||     2
  Use: Scroll            |       |     7 ||     7
       Potion            |       |     2 ||     2
 Stab: Sleeping          |     5 |       ||     5
  Eat: Chunk             |     3 |     1 ||     4
